Map: Rhoskallian LE

Players

Tempest

  • Race: Terran Terran
  • Spawn Location: 6:00

BarrosLuco

  • Race: Protoss Protoss
  • League: Silver
  • Spawn Location: 5:00

zunkraz

  • Race: Terran Terran
  • Spawn Location: 12:00

David

  • Race: Terran Terran
  • Spawn Location: 11:00

VOD

Have the link to the VOD?

Description

Time

  • Played on: April 11, 2025, 12:03 p.m.
  • Length: 4:52
Show
View Real Time Build Order
Export as new Build Order

Tempest Terran 

Build Orders: Reaper Expand 

Get SALT Encoding   

  12  0:05  SCV  
  13  0:17  SCV  
  14  0:28  Supply Depot  
  14  0:29  SCV  
  15  0:43  Refinery  
  15  0:52  Barracks  
  15  0:56  Barracks  
  15  0:58  SCV  
  16  1:10  SCV  
  17  1:22  SCV  
  18  1:56  Reaper x2  
  20  2:01  Orbital Command  
  20  2:09  Command Center  
  20  2:20  Supply Depot  
  20  2:27  SCV  
  21  2:30  Bunker  
  21  2:31  Barracks Tech Lab  
  21  2:32  Barracks Reactor  
  21  2:39  SCV  
  21  4:07  SCV  
  22  4:16  Factory  
  22  4:19  SCV, Refinery  
  22  4:23  Marine x2, Marauder  
  27  4:31  SCV  
Show
View Real Time Build Order
Export as new Build Order

BarrosLuco Protoss 

Build Orders:  

Get SALT Encoding   

  12  0:01  Probe  
  13  0:13  Probe  
  14  0:22  Probe  
  14  0:23  Pylon  
  15  0:46  Gateway  
  15  0:51  Gateway  
  15  0:56  Assimilator  
  15  0:58  Probe  
  16  1:07  Probe  
  17  1:15  Probe  
  17  1:22  Assimilator  
  18  1:27  Probe  
  19  1:37  Cybernetics Core  
  19  1:39  Probe  
  20  1:45  Pylon  
  20  1:51  Probe  
  21  2:03  Probe  
  22  2:12  Warp Gate  
  22  2:15  Twilight Council  
  22  2:17  Stalker x2  
  26  2:34  Forge  
  26  2:44  Stalker  
  26  2:46  Stalker  
  30  3:02  Pylon  
  30  3:17  Stalker x2  
  34  3:30  Pylon  
  34  4:00  Probe  
  35  4:23  Stalker  
  37  4:25  Nexus  
  37  4:27  Pylon  
Show
View Real Time Build Order
Export as new Build Order

zunkraz Terran 

Build Orders:  

Get SALT Encoding   

  12  0:04  SCV  
  13  0:26  Supply Depot  
  13  0:55  Command Center  
  13  1:04  Barracks  
  13  1:23  SCV  
  14  1:35  SCV, Refinery  
  15  1:47  SCV  
  15  1:51  Marine  
  17  1:59  SCV  
  17  2:00  Supply Depot  
  18  2:07  SCV  
  19  2:11  SCV, Marine  
  21  2:19  SCV  
  22  2:23  SCV  
  22  2:24  Supply Depot  
  23  2:31  SCV  
  23  2:35  SCV  
  25  2:40  Marine  
  26  2:44  Refinery  
  26  2:49  Supply Depot  
  26  2:52  Engineering Bay  
  23  2:58  Marine  
  23  3:19  Marine  
  22  3:22  SCV  
  21  3:40  Sensor Tower  
  20  3:42  SCV  
  20  3:44  Orbital Command  
  21  3:54  Marine  
  22  4:14  SCV  
  22  4:15  Factory  
  23  4:19  SCV  
  24  4:26  SCV  
  24  4:29  Marine  
  26  4:45  Barracks  
Show
View Real Time Build Order
Export as new Build Order

David Terran 

Build Orders:  

Get SALT Encoding   

  12  0:01  SCV  
  13  0:13  SCV  
  14  0:22  Supply Depot  
  14  0:27  Refinery  
  14  0:29  SCV  
  15  0:44  SCV  
  15  0:49  Barracks  
  16  0:56  SCV  
  17  1:08  SCV  
  18  1:20  SCV  
  19  1:33  SCV  
  20  1:46  Orbital Command  
  20  2:04  Refinery  
  20  2:11  Factory  
  20  2:12  SCV  
  21  2:24  SCV  
  21  2:26  Barracks Reactor  
  22  2:43  SCV  
  23  2:57  Supply Depot  
  23  3:10  Factory Reactor  
  23  3:13  Command Center  
  23  3:18  SCV, Marine x2  
  26  3:24  Supply Depot  
  26  3:31  SCV  
  27  3:36  Marine x2  
  29  3:43  SCV  
  29  3:46  Supply Depot  
  30  3:54  Marine x2  
  30  3:55  SCV  
  31  4:07  SCV  
  32  4:12  Marine x2  
  32  4:14  Hellion  
  32  4:15  Hellion  
  38  4:19  SCV  
  39  4:38  Barracks  
Tags
 
Add a new tag
Caveats
  • Supply blocks, unpowered buildings, or Contaminate may cause inaccurate times.
  • Supply counts are checked every 10 seconds.